 Dungeon Crawl Stone Soup version 0.31-a0-692-gf03d1854d5 (webtiles) character file.

Game seed: 9899615676248632863

252 qw the Shooter (level 6, -5/41 HPs)
             Began as a Gargoyle Hunter on Sept 6, 2023.
             Slain by Duvessa
             ... wielding a +4 rapier
              (16 damage)
             ... on level 5 of the Dungeon.
             The game lasted 00:00:51 (2543 turns).

qw the Shooter (Gargoyle Hunter)                    Turns: 2543, Time: 00:00:51

Health: -5/41      AC:  7    Str: 15    XL:     6   Next: 13%
Magic:  6/6        EV: 11    Int:  9    God:
Gold:   217        SH:  0    Dex: 13    Spells: 5/5 levels left

rFire   + . .        Y - +1 shortbow (drain)
rCold   + + .        (shield currently unavailable)
rNeg    + . .        c - +0 leather armour
rPois   inf          (no helmet)
rElec   +            (no cloak)
rCorr   .            (no gloves)
SInv    .            (no boots)
Will    .....        (no amulet)
Stlth   +            e - ring of protection from cold
HPRegen 0.26/turn    g - ring of protection from cold
MPRegen 0.10/turn

%: no passive effects
@: about to teleport
A: sickness immunity, AC +4, negative energy resistance 1, electricity
resistance, torment resistance 1, petrification resistance, clumsy 1, fire
resistance 1, robust 1
a: no special abilities


You were on level 5 of the Dungeon.
You visited 1 branch of the dungeon, and saw 5 of its levels.

You collected 217 gold pieces.


Innate Abilities, Weirdness & Mutations

You are immune to sickness and miasma.
Your stone body is resilient. (AC +4)
You are immune to poison.
You resist negative energy. (rN+)
You are resistant to electric shocks. (rElec)
You are resistant to unholy torment.
You are immune to petrification.
You are clumsy. (Dex -2)
Your flesh is heat resistant. (rF+)
You are robust. (+10% HP)


   Skills:
 - Level 4.0 Fighting
 + Level 6.5 Ranged Weapons
 - Level 1.5 Dodging
 - Level 1.1 Stealth


You had 5 spell levels left.
You didn't know any spells.
Your spell library was empty.

Inventory:

Hand Weapons
 Y - a +1 shortbow of draining (weapon)
Armour
 c - a +0 leather armour (worn)
Jewellery
 e - a ring of protection from cold (left hand)
 g - a ring of protection from cold (right hand)
Scrolls
 a - a scroll of teleportation
 i - a scroll of identify
Potions
 b - 3 potions of curing
 d - a potion of might
 f - a potion of haste
 j - a potion of resistance
 k - 2 potions of mutation

Dungeon Overview and Level Annotations

Branches:
Dungeon (5/15)
 Temple: D:4-7

Altars:

Shops:
D:1 !

Annotations:
D:5 Duvessa


Message History

You climb downwards.
Level annotation: Dowan, Duvessa Dowan gestures at you while chanting.
The puff of flame hits you. You resist. Duvessa hits you with a +4 rapier.
There is a stone staircase leading up here.
2517 ||| STAIRDANCE Duvessa says, "Where magic fails, the sword succeeds!"
Duvessa barely misses you.
You climb upwards.
There is a stone staircase leading down here.
You start resting.
HP restored.
Done exploring.
What level of the Dungeon? (default 5, ? - help)
You climb downwards.
Level annotation: Dowan, Duvessa Duvessa hits you but does no damage.
Duvessa hits you with a +4 rapier!
There is a stone staircase leading up here.
You shoot an arrow. The arrow hits Dowan.
You drain Dowan.
Dowan is almost dead.
Duvessa hits you with a +4 rapier. Dowan closely misses you.
You shoot an arrow. The arrow hits Dowan.
You kill Dowan!
Duvessa screams, "No!
How DARE you!"
Duvessa goes berserk!
Duvessa hits you with a +4 rapier. Duvessa hits you with a +4 rapier!
You have reached level 6!
2541 ||| READING 2 scrolls of teleportation.
As you read the scroll of teleportation, it crumbles to dust.
You feel strangely unstable. Duvessa closely misses you.
You shoot an arrow.
The arrow hits Duvessa but does no damage.
You drain Duvessa.
Duvessa is moderately wounded.
Duvessa barely misses you. Duvessa hits you but does no damage.
You shoot an arrow. The arrow hits Duvessa.
Duvessa is moderately wounded.
Duvessa hits you with a +4 rapier!
You die...

....
########...#
#..........#
#).........#
#..........#
#..........#
........e.#
#.....)@..#
###########


You could see Duvessa (berserk, drained).

Vanquished Creatures
  A scorpion (D:4)
  Dowan (D:5)
  Terence (D:3)
  7 adders
  3 orcs
  4 ball pythons
  3 bats
  7 endoplasms
  A giant cockroach (D:1)
  4 goblins
  8 hobgoblins
  6 quokkas
  2 frilled lizards (D:3)
  3 kobolds
  5 rats
56 creatures vanquished.

Notes
Turn   | Place    | Note
-------+----------+-------------------------------------------
     0 | D:1      | qw the Gargoyle Hunter began the quest for the Orb.
     0 | D:1      | Reached XP level 1. HP: 12/12 MP: 1/1
     0 | D:1      | 0 ||| qw: Version: 0.3-a-76-g4403597
     0 | D:1      | 0 ||| qw: Game counter: 228
     0 | D:1      | 0 ||| qw: Melee chars always use a shield: true
     0 | D:1      | 0 ||| qw: God list: Okawaru
     0 | D:1      | 0 ||| qw: Allow faded altars: false
     0 | D:1      | 0 ||| qw: Do Orc after clearing Dungeon:15 true
     0 | D:1      | 0 ||| qw: Do second Lair branch before Depths: true
     0 | D:1      | 0 ||| qw: Lair rune preference: random
     0 | D:1      | 0 ||| qw: Goals: Normal
     0 | D:1      | 0 ||| PLANNING D:1-11
   107 | D:1      | Reached XP level 2. HP: 17/17 MP: 2/2
   130 | D:1      | Found Sotwaxte's Distillery.
   136 | D:1      | 136 ||| SHOPLISTING 2 potions of curing (78 gold, have 19).
   136 | D:1      | 136 ||| SHOPLISTING potion of cancellation (104 gold, have
                  | 19).
   136 | D:1      | 136 ||| SHOPLISTING potion of curing (39 gold, have 19).
   136 | D:1      | 136 ||| SHOPLISTING potion of might (52 gold, have 19).
   136 | D:1      | 136 ||| SHOPLISTING potion of mutation (104 gold, have 19).
   136 | D:1      | 136 ||| SHOPLISTING potion of resistance (130 gold, have
                  | 19).
   698 | D:1      | 698 ||| DROPPING ring of wizardry.
   699 | D:1      | 699 ||| READING scroll labelled GIFEAHEPUG.
   700 | D:1      | 700 ||| READING scroll labelled APAYD VOTSUID.
   701 | D:1      | 701 ||| READING scroll labelled VAYDIX DEKA.
   702 | D:1      | 702 ||| READING 2 scrolls labelled IGOWNUCSAU.
   703 | D:1      | 703 ||| READING 5 scrolls labelled FUOMAGR ZUMOL.
   704 | D:1      | 704 ||| DROPPING scroll of butterflies.
   705 | D:1      | 705 ||| DROPPING scroll of vulnerability.
   748 | D:2      | Reached skill level 5 in Ranged Weapons
   748 | D:2      | Reached XP level 3. HP: 21/21 MP: 3/3
   865 | D:2      | 865 ||| FLEEEEING.
   866 | D:2      | 866 ||| FLEEEEING.
   867 | D:2      | 867 ||| FLEEEEING.
   868 | D:2      | 868 ||| FLEEEEING.
   869 | D:2      | 869 ||| FLEEEEING.
   870 | D:2      | 870 ||| FLEEEEING.
  1322 | D:2      | 1322 ||| READING scroll labelled QATEIMIPPI.
  1323 | D:2      | 1323 ||| READING 6 scrolls of identify.
  1323 | D:2      | 1323 ||| IDENTIFYING dark potion
  1324 | D:2      | 1324 ||| READING 5 scrolls of identify.
  1324 | D:2      | 1324 ||| IDENTIFYING silvery potion
  1325 | D:2      | 1325 ||| READING 4 scrolls of identify.
  1325 | D:2      | 1325 ||| IDENTIFYING puce potion
  1326 | D:2      | 1326 ||| READING 3 scrolls of identify.
  1326 | D:2      | 1326 ||| IDENTIFYING fizzy cyan potion
  1327 | D:2      | 1327 ||| DROPPING potion of attraction.
  1369 | D:3      | Reached skill level 3 in Fighting
  1402 | D:3      | Reached XP level 4. HP: 28/28 MP: 4/4
  1586 | D:3      | Noticed Terence
  1591 | D:3      | Killed Terence
  1797 | D:3      | Reached XP level 5. HP: 32/32 MP: 5/5
  1957 | D:3      | 1957 ||| UPGRADING to ring of protection from cold.
  1958 | D:3      | 1958 ||| UPGRADING to ring of protection from cold.
  1959 | D:3      | 1959 ||| READING 3 scrolls labelled LAFRETE XOVVUI.
  1964 | D:3      | 1964 ||| READING scroll labelled REAMUWKERGH.
  1965 | D:3      | 1965 ||| READING scroll labelled GUFOMI HE GEN.
  1966 | D:3      | 1966 ||| READING 2 scrolls of identify.
  1966 | D:3      | 1966 ||| IDENTIFYING bubbling brown potion
  2012 | D:4      | Reached skill level 6 in Ranged Weapons
  2369 | D:4      | 2369 ||| READING scroll labelled SOTHYN VIUSI.
  2470 | D:4      | 2470 ||| READING scroll labelled BESIEN RIMM.
  2471 | D:4      | 2471 ||| DRINKING 3 fuming sapphire potions.
  2471 | D:4      | Gained mutation: You are clumsy. (Dex -2) [potion of
                  | mutation]
  2471 | D:4      | Gained mutation: You are robust. (+10% HP) [potion of
                  | mutation]
  2471 | D:4      | Gained mutation: Your flesh is heat resistant. (rF+)
                  | [potion of mutation]
  2482 | D:4      | 2482 ||| READING 2 scrolls of identify.
  2482 | D:4      | 2482 ||| IDENTIFYING green potion
  2483 | D:4      | 2483 ||| DROPPING potion of brilliance.
  2499 | D:5      | Entered Level 5 of the Dungeon
  2499 | D:5      | Noticed Duvessa
  2499 | D:5      | Noticed Dowan
  2507 | D:5      | 2507 ||| STAIRDANCE
  2517 | D:5      | 2517 ||| STAIRDANCE
  2540 | D:5      | Killed Dowan
  2540 | D:5      | HP: 9/36 [Duvessa/+4 rapier (12)]
  2541 | D:5      | Reached XP level 6. HP: 10/41 MP: 6/6
  2541 | D:5      | 2541 ||| READING 2 scrolls of teleportation.
  2543 | D:5      | Slain by Duvessa

Levels and vault maps discovered:
D:1:      moated_graveyard_arrival, layout_basic, serial_shops,
          nicolae_shop_tiny_glass
D:2:      layout_basic
D:3:      layout_loops_ring, uniq_terence
D:4:      layout_rooms
D:5:      layout_basic, nicolae_gozag_cash_rules_everything_around_me,
          amcnicky_altar_gilded, temple_fountains, serial_bayou,
          serial_bayou_crossing, serial_bayou_shore_a, serial_bayou_pond_b,
          serial_bayou_pond_d, wad_rectangle_vault, uniq_duvessa, uniq_edmund

Skill      XL: |  1  2  3  4  5 |
---------------+----------------+-----
Ranged Weapons | 5 6 |  6.5
Fighting       | 3 4 |  4.0
Dodging        | |  1.5
Stealth        | |  1.1

Action                     |  1- 3 |  4- 6 || total
---------------------------+-------+-------++-------
   Fire: Shortbow          |    69 |    75 ||   144
    Use: Scroll            |    10 |     8 ||    18
         Potion            |       |     1 ||     1
 Armour: Leather armour    |     8 |    27 ||    35
  Dodge: Dodged            |     8 |    17 ||    25

Table legend:
 A = Non-vault XP
 B = Vault XP
 C = Vault XP percentage of total XP
 D = Non-vault monster count
 E = Vault monster count
 F = Vault count percentage of total count
                 A         B        C        D         E       F
            +---------+---------+-------+---------+---------+-------
      Total |     255 |     105 |  29.2 |      54 |       2 |   3.6
            +---------+---------+-------+---------+---------+-------
        D:1 |      22 |       0 |   0.0 |      13 |       0 |   0.0
        D:2 |      49 |       0 |   0.0 |      14 |       0 |   0.0
        D:3 |      75 |      36 |  32.4 |      18 |       1 |   5.3
        D:4 |     109 |       0 |   0.0 |       9 |       0 |   0.0
        D:5 |       0 |      69 | 100.0 |       0 |       1 | 100.0
            +---------+---------+-------+---------+---------+-------
